 Dungeon Crawl Stone Soup version 0.24-a0-630-g0d56a85 (webtiles) character file.

Game seed: 933752200967134549, levelgen mode: deterministic

1159 BoppinsLewinski the Slasher (level 8, -3/62 HPs)
             Began as a Merfolk Gladiator on Sept 19, 2019.
             Was an Initiate of Okawaru.
             Slain by a hornet (8 damage)
             ... on level 6 of the Dungeon.
             The game lasted 00:10:52 (6199 turns).

BoppinsLewinski the Slasher (Merfolk Gladiator)     Turns: 6199, Time: 00:10:52

Health: -3/62      AC: 12    Str: 17    XL:     8   Next: 39%
Magic:  7/8        EV: 10    Int:  7    God:    Okawaru [......]
Gold:   253        SH:  0    Dex: 15    Spells: 7/7 levels left

rFire    . . .     SeeInvis .   n - +2 long sword (flame)
rCold    . . .     Gourm    .   (no shield)
rNeg     . . .     Faith    .   h - +0 chain mail
rPois    .         Spirit   .   c - +0 helmet
rElec    .         Reflect  .   (no cloak)
rCorr    .         Harm     .   o - +0 pair of gloves
MR       .....     Clarity  +   g - +0 pair of boots
Stlth    ..........             (no amulet)
HPRegen  0.20/turn              (no ring)
MPRegen  0.11/turn              (no ring)

@: lethally poisoned (-3 -> -8), slowed, very slow
A: change form in water, swift swim, stealthy swim, clarity, deterioration 1
a: Renounce Religion


You were on level 6 of the Dungeon.
You worshipped Okawaru.
Okawaru was noncommittal.
You were very hungry.

You visited 2 branches of the dungeon, and saw 7 of its levels.

You collected 253 gold pieces.

Inventory:

Hand Weapons
 a - a +0 long sword
 n - a +2 long sword of flaming (weapon)
Missiles
 d - 4 throwing nets (quivered)
Armour
 b - a +0 leather armour
 c - a +0 helmet (worn)
 e - a +0 ring mail
 g - a +0 pair of boots (worn)
 h - a +0 chain mail (worn)
 o - a +0 pair of gloves (worn)
Jewellery
 s - an uncursed amulet of regeneration {unknown}
Scrolls
 j - 3 scrolls of teleportation {unknown}
 k - a scroll of blinking {unknown}
 l - a scroll of fog {unknown}
 m - 3 scrolls of enchant weapon {unknown}
 p - a scroll of noise {unknown}
 q - a scroll of fear {unknown}
Potions
 r - a potion of flight
 t - a potion of curing
Comestibles
 f - 11 rations


   Skills:
 + Level 5.1 Fighting
 * Level 7.5 Long Blades
 - Level 2.0 Throwing
 + Level 3.0 Armour
 + Level 6.9 Dodging


You had 7 spell levels left.
You didn't know any spells.
Your spell library contained the following spells:

 Spells                   Type           Power        Failure   Level  Hunger
 Magic Dart               Conj           #...         100%        1    ##.....
 Blink                    Tloc           N/A          100%        2    ###....
 Call Imp                 Summ           #.......     100%        2    ###....
 Slow                     Hex            #.......     100%        2    ###....
 Conjure Flame            Conj/Fire      #.......     100%        3    ####...
 Mephitic Cloud           Conj/Pois/Air  #.......     100%        3    ####...


Dungeon Overview and Level Annotations

Branches:
Dungeon (6/15)             Temple (1/1) D:5

Altars:
Cheibriados
Dithmenos
Fedhas
Hepliaklqana
Kikubaaqudgha
Makhleb
Nemelex Xobeh
Okawaru
Qazlal
Sif Muna
Trog
Uskayaw
Vehumet
Wu Jian
Xom
Yredelemnul

Annotations:
D:3 exclusion: downstairs


Innate Abilities, Weirdness & Mutations

You revert to your normal form in water.
You are very nimble and swift while swimming.
You are very stealthy in the water. (Stealth+)
You possess an exceptional clarity of mind.
Your body sometimes deteriorates upon taking damage.


Message History

Ye feel yerself wastin' away.
Ye feel less energetic.
Ye feel more energetic.
Yer thoughts seem clearer.
Ye feel yerself speed up.
Tha hornet stin's ye but does nay damage. x2
Ye barely miss tha hornet.
Tha hornet barely misses ye.
Unknown command.
Ye closely miss tha hornet.
Tha hornet stin's ye!
Ye be poison'd.
Ye sudd'nly lose tha ability ta move!
Tha hornet stin's ye!
* * * LOW HITPOINT WARNIN'
* * * Ye feel yerself slow down.
Ye feel sick.
Tha hornet stin's ye!
* * * LOW HITPOINT WARNIN'
* * * Ye feel as though ye will be slow longer.
Ye can move again.
Ye hit tha hornet.
Ye burn tha hornet.
Tha hornet be lightly wounded.
* * * LOW HITPOINT WARNIN'
* * * Ye feel sick.
Tha hornet misses ye.
Tha hornet stin's ye!
Ye die...

..##.....##
..........#
..........#
..........#
..........##
...........#
.....|.....#
#..#.......####
#..#......Zy@.#
#.....###+###.#
#.....# #.# #.#
####.....###.###.#
##........###_..'.#
..........###.###.#
..........# #.# #.#
..........###'###.#
........#.........#


You could see a hornet and an adder zombie.

Vanquished Creatures
  A water moccasin (D:6)
  A sky beast (D:5)
  A black bear (D:6)
  2 ogres (D:4)
  A scorpion (D:3)
  3 howler monkeys
  A crimson imp (D:5)
  A hound (D:3)
  4 orc priests
  An orc wizard (D:5)
  A bullfrog skeleton (D:5)
  An iguana (D:6)
  4 worker ants
  5 adders
  A shadow imp (D:6)
  2 oozes
  An adder skeleton (D:4)
  A worm (D:3)
  A dart slug (D:2)
  6 leopard geckos
  15 orcs
  7 giant cockroaches
  3 goblins
  6 hobgoblins
  15 jackals
  6 kobolds
  4 quokkas
  A ball python (D:2)
  3 bats
  8 frilled lizards
  2 quokka skeletons
  3 rats
112 creatures vanquished.

Vanquished Creatures (others)
  A fungus (D:3)
1 creature vanquished.

Grand Total: 113 creatures vanquished

Notes
Turn   | Place    | Note
-------+----------+-------------------------------------------
     0 | D:1      | BoppinsLewinski the Merfolk Gladiator began the quest for
                  | the Orb.
     0 | D:1      | Reached XP level 1. HP: 16/16 MP: 1/1
    75 | D:1      | Reached XP level 2. HP: 23/23 MP: 2/2
   578 | D:1      | Reached XP level 3. HP: 28/28 MP: 3/3
   854 | D:2      | Reached skill level 4 in Long Blades
  1364 | D:2      | Found a stormy altar of Qazlal.
  1497 | D:3      | Found a faded altar of an unknown god.
  1510 | D:2      | Reached XP level 4. HP: 27/34 MP: 4/4
  1694 | D:3      | Reached skill level 1 in Armour
  1720 | D:3      | Reached XP level 5. HP: 9/41 MP: 5/5
  2144 | D:3      | Reached skill level 5 in Dodging
  2262 | D:3      | Found a blossoming altar of Fedhas.
  2622 | D:4      | Noticed an ogre
  2624 | D:4      | Noticed an ogre
  2639 | D:3      | Reached skill level 5 in Long Blades
  2909 | D:4      | Reached XP level 6. HP: 39/47 MP: 6/6
  3620 | D:4      | Reached skill level 6 in Long Blades
  3620 | D:4      | Reached XP level 7. HP: 7/54 MP: 7/7
  4109 | D:4      | Found an ornate altar of the Wu Jian Council.
  4109 | D:4      | Found an iron altar of Okawaru.
  4331 | D:4      | Found a sparkling altar of Nemelex Xobeh.
  4458 | D:4      | Found a hazy altar of Hepliaklqana.
  4493 | D:5      | Entered Level 5 of the Dungeon
  4822 | D:5      | Found a staircase to the Ecumenical Temple.
  4833 | Temple   | Entered the Ecumenical Temple
  5044 | D:4      | Became a worshipper of Warmaster Okawaru
  5346 | D:5      | Reached XP level 8. HP: 18/61 MP: 8/8
  5899 | D:6      | Found a bloodstained altar of Trog.
  5906 | D:6      | Reached skill level 7 in Long Blades
  5931 | D:6      | Reached skill level 5 in Fighting
  6167 | D:6      | Found a basalt altar of Yredelemnul.
  6184 | D:6      | Noticed a hornet
  6195 | D:6      | Gained mutation: Your body sometimes deteriorates upon
                  | taking damage. [potion of mutation]
  6195 | D:6      | Gained mutation: Your magical capacity is low. (-10% MP)
                  | [potion of mutation]
  6195 | D:6      | Lost mutation: Your magical capacity is low. (-10% MP)
                  | [potion of mutation]
  6195 | D:6      | Gained mutation: You possess an exceptional clarity of
                  | mind. [potion of mutation]
  6197 | D:6      | Paralysed by a hornet for 2 turns
  6199 | D:6      | Slain by a hornet

Levels and vault maps discovered:
D:1:      lemuel_arrival_muddy, layout_basic
D:2:      layout_basic, serial_curves, eino_curves_01, eino_curves_01,
          grunt_qazlal_clouds
D:3:      layout_loops_ring, chequers_ecumenical_altar_simple_redux,
          first_ration, fedhas_altar_3
D:4:      layout_cave_pods, gammafunk_temple_overflow_claw, kennysheep_mini_moat
D:5:      minmay_general_purpose_star, layout_gridville,
          minmay_temple_entry_glassed_door
D:6:      layout_cave_pods, good_gods_mini_temple, lemuel_doored_altar,
          marbit_many_paths, basic_altar, nicolae_dithmenos_the_darkroom,
          uniq_crazy_yiuf_cottage
Temple:   grunt_temple_mini_profane

Skill      XL: |  1  2  3  4  5  6  7  8 |
---------------+-------------------------+-----
Long Blades    | 4 5 6 7 |  7.5
Armour         | 1 2 3 |  3.0
Fighting       | 3 4 5 |  5.1
Dodging        | 5 6 |  6.9
Throwing       | |  2.0

Action                   |  1- 3 |  4- 6 |  7- 9 || total
-------------------------+-------+-------+-------++-------
Melee: Long sword        |   114 |   166 |   161 ||   441
  Use: Potion            |       |     6 |     5 ||    11
  Eat: Chunk             |     1 |     5 |     7 ||    13
       Ration            |       |     1 |       ||     1
Armor: Ring mail         |    51 |    41 |       ||    92
       Leather armour    |     1 |       |       ||     1
       Chain mail        |       |    19 |    83 ||   102
Dodge: Dodged            |   118 |   105 |    81 ||   304
       Rpst.: Long sword |    34 |    36 |    27 ||    97

Table legend:
 A = Non-vault XP
 B = Vault XP
 C = Vault XP percentage of total XP
 D = Non-vault monster count
 E = Vault monster count
 F = Vault count percentage of total count
                 A         B        C        D         E       F
            +---------+---------+-------+---------+---------+-------
      Total |    1639 |      17 |   1.0 |     109 |       3 |   2.7
            +---------+---------+-------+---------+---------+-------
        D:1 |      39 |       0 |   0.0 |      22 |       0 |   0.0
        D:2 |      49 |       0 |   0.0 |      24 |       0 |   0.0
        D:3 |     331 |       0 |   0.0 |      23 |       0 |   0.0
        D:4 |     434 |       0 |   0.0 |      15 |       0 |   0.0
        D:5 |     376 |      14 |   3.6 |      19 |       2 |   9.5
        D:6 |     410 |       3 |   0.7 |       6 |       1 |  14.3
            +---------+---------+-------+---------+---------+-------
